Map: Prion Terraces

Players

EnSnare

  • Race: Terran Terran
  • League: Gold

LilDicky - Winner!

  • Race: Terran Terran
  • League: Diamond

VOD

http://www.twitch.tv/tumescentpie

Description

Time

  • Played on: Nov. 21, 2015, 9:17 p.m.
  • Length: 6:35
Show
View Real Time Build Order
Export as new Build Order

EnSnare Terran 

Build Orders:  

Get SALT Encoding   

  12  0:03  SCV  
  13  0:15  SCV  
  13  0:20  Supply Depot  
  14  0:27  SCV  
  15  0:41  Refinery  
  15  0:42  SCV  
  16  0:44  Barracks  
  16  0:54  SCV  
  17  1:06  SCV  
  18  1:18  SCV  
  19  1:19  Refinery  
  19  1:30  SCV  
  19  1:32  Reaper  
  21  1:35  Supply Depot  
  21  1:42  Orbital Command  
  21  2:04  Reaper  
  21  2:08  SCV  
  23  2:11  Factory  
  23  2:14  Engineering Bay  
  22  2:20  SCV  
  23  2:36  Reaper  
  23  2:52  SCV  
  23  2:56  Hellion  
  26  3:00  Starport  
  26  3:04  SCV  
  26  3:08  Reaper  
  27  3:17  SCV  
  27  3:18  Hellion  
  30  3:23  Missile Turret  
  30  3:25  Supply Depot  
  30  3:37  Starport Tech Lab  
  30  3:40  SCV  
  31  3:47  Hellion, Reaper  
  34  3:49  Supply Depot  
  34  4:13  Factory Tech Lab  
  34  4:14  Banshee, Cloaking Field  
  37  4:19  Reaper  
  38  4:31  Command Center, SCV  
  38  4:36  Missile Turret  
  39  4:41  Siege Tank  
  39  4:44  SCV  
  43  4:51  Reaper  
  47  5:04  Supply Depot  
  47  5:05  Supply Depot  
  47  5:07  Supply Depot  
  47  5:24  SCV  
  47  5:26  Raven  
  46  5:31  Missile Turret  
Show
View Real Time Build Order
Export as new Build Order

LilDicky Terran - Winner!

Build Orders: Banshee Rush 

Get SALT Encoding   

  12  0:01  SCV  
  13  0:13  SCV  
  14  0:17  Supply Depot  
  14  0:25  SCV  
  15  0:36  Refinery  
  15  0:39  SCV  
  16  0:45  Barracks  
  16  0:51  SCV  
  17  1:03  SCV  
  18  1:15  SCV  
  19  1:27  SCV  
  20  1:35  Supply Depot  
  20  1:36  Reaper  
  20  1:39  Orbital Command  
  21  1:41  Refinery  
  21  1:59  Factory  
  21  2:07  Marine  
  21  2:15  SCV  
  22  2:25  Marine  
  22  2:27  SCV  
  22  2:28  Supply Depot  
  24  2:35  Supply Depot  
  24  2:55  Factory Tech Lab  
  24  2:57  SCV, Starport  
  25  3:07  Marine  
  26  3:15  Siege Tank  
  26  3:16  SCV  
  29  3:24  Supply Depot  
  29  3:25  Marine  
  30  3:28  SCV  
  31  3:36  Command Center, Starport Tech Lab  
  31  3:41  Engineering Bay  
  31  3:46  Marine  
  32  3:57  SCV  
  32  3:59  Banshee, Cloaking Field  
  32  4:01  Siege Tank  
  39  4:09  SCV  
  39  4:13  Marine  
  39  4:16  Missile Turret  
  40  4:21  SCV  
  41  4:26  Supply Depot  
  41  4:42  Banshee  
  41  4:43  Siege Tank  
  41  4:44  SCV  
  48  4:57  SCV  
  48  4:59  Marine  
  50  5:07  Hi-Sec Auto Tracking  
  50  5:09  SCV  
  50  5:10  Supply Depot  
  51  5:15  Orbital Command  
  51  5:17  Supply Depot  
  52  5:21  SCV  
  52  5:30  Banshee  
  52  5:33  SCV  
  53  5:48  Missile Turret  
  50  5:58  Refinery  
  50  5:59  Refinery  
Tags
 
Add a new tag
Caveats
  • Supply blocks, unpowered buildings, or Contaminate may cause inaccurate times.
  • Supply counts are checked every 10 seconds.